 Dungeon Crawl Stone Soup version 0.24.0-13-gcf9b3192b9 (webtiles) character file.

Game seed: 18282423496058052433, levelgen mode: deterministic

2468 Esekla the Cutter (level 9, -5/50 HPs)
             Began as a Deep Elf Skald on Nov 7, 2019.
             Was an Elder of Yredelemnul.
             Slain by Menkaure (19 damage)
             ... on level 7 of the Dungeon.
             The game lasted 01:16:59 (8116 turns).

Esekla the Cutter (Deep Elf Skald)                  Turns: 8116, Time: 01:17:00

Health: -5/50      AC: 15    Str: 13    XL:     9   Next: 26%
Magic:  15/15      EV: 16    Int: 20    God:    Yredelemnul [****..]
Gold:   689        SH:  0    Dex: 12    Spells: 6/14 levels left

rFire    x . .     SeeInvis .   v - +3 dagger (venom)
rCold    . . .     Gourm    .   (no shield)
rNeg     . . .     Faith    .   G - +4 ring mail of Wieblau {rPois MR+ Str-5}
rPois    +         Spirit   .   q - +1 helmet
rElec    .         Reflect  .   l - +0 cloak
rCorr    .         Harm     .   F - +0 pair of gloves of Wariness {+Blink rF- Str+10 Dex-4}
MR       +....                  (no boots)
Stlth    ..........             A - amulet of magic regeneration
HPRegen  0.16/turn              y - +2 ring of protection
MPRegen  0.39/turn              w - +3 ring of evasion

@: confused, shrouded, infused (expiring)
A: no striking features
a: Recall Undead Slaves, Injury Mirror, Animate Dead, Drain Life, Renounce
Religion, Evoke Blink


You were on level 7 of the Dungeon.
You worshipped Yredelemnul.
Yredelemnul was greatly pleased with you.
You were not hungry.

You visited 2 branches of the dungeon, and saw 9 of its levels.
You also visited: Ossuary.

You collected 689 gold pieces.

Inventory:

Hand Weapons
 a - a +0 falchion
 n - the +7 morningstar of Deformation {elec, rPois MR+}
   (You found it on level 6 of the Dungeon)

   Occasionally, upon striking a foe, it will discharge some electrical energy
   and cause terrible harm.
   It protects you from poison.
   It affects your resistance to hostile enchantments.
 p - a +1 dagger of protection
 s - a +1 dagger of speed
 t - a +0 trident
 v - a +3 dagger of venom (weapon)
Missiles
 D - 5 boomerangs (quivered)
Armour
 l - a +0 cloak (worn)
 q - a +1 helmet (worn)
 F - the +0 pair of gloves of Wariness (worn) {+Blink rF- Str+10 Dex-4}
   (You found it on level 5 of the Dungeon)

   It affects your strength (+10).
   It affects your dexterity (-4).
   It makes you vulnerable to fire.
   It lets you blink.
 G - the +4 ring mail of Wieblau (worn) {rPois MR+ Str-5}
   (You found it on level 5 of the Dungeon)

   It affects your strength (-5).
   It protects you from poison.
   It affects your resistance to hostile enchantments.
Jewellery
 w - a +3 ring of evasion (right hand)
 y - a +2 ring of protection (left hand)
 A - an amulet of magic regeneration (around neck)
Wands
 b - a wand of random effects (20)
Scrolls
 c - a scroll of enchant weapon
 f - a scroll of enchant armour
 i - 2 scrolls of fear
 j - 2 scrolls of amnesia
 x - 2 scrolls of remove curse
Potions
 e - a potion of magic
 g - a potion of ambrosia
 h - 2 potions of flight {unknown}
 m - a potion of mutation {unknown}
 o - 2 potions of haste
 r - 2 potions of agility
 z - a potion of curing
 B - a potion of berserk rage {unknown}
 C - a potion of cancellation {unknown}
Comestibles
 d - 7 rations


   Skills:
 + Level 3.1 Fighting
 * Level 6.8(8.1) Short Blades
 + Level 6.0(7.3) Long Blades
 + Level 2.8 Armour
 + Level 5.7 Dodging
 + Level 2.7 Stealth
 + Level 3.1 Spellcasting
 * Level 1.6 Hexes
 - Level 4.4 Charms
 - Level 2.0 Translocations
 * Level 3.4 Evocations


You had 6 spell levels left.
You knew the following spells:

 Your Spells              Type           Power        Failure   Level  Hunger
a - Infusion              Chrm           ###.         4%          1    None
b - Shroud of Golubria    Chrm/Tloc      ###...       12%         2    ##.....
c - Song of Slaying       Chrm           ###.....     7%          2    ##.....
e - Spectral Weapon       Hex/Chrm       ###.....     26%         3    ###....

Your spell library contained the following spells:

 Spells                   Type           Power        Failure   Level  Hunger
 Regeneration             Chrm/Necr      ##........   34%         3    ###....


Dungeon Overview and Level Annotations

Branches:
Dungeon (8/15)             Temple (1/1) D:4         Ossuary (visited)
   Lair: D:8-11

Altars:
Ashenzari
Cheibriados
Dithmenos
Elyvilon
Fedhas
Gozag
Hepliaklqana
Kikubaaqudgha
Makhleb
Nemelex Xobeh
Okawaru
Qazlal
Ru
Sif Muna
Trog
Vehumet
Wu Jian
Xom
Yredelemnul
Zin

Shops:
D:6 :

Annotations:
D:7 Menkaure


Message History

You closely miss Menkaure.
Menkaure is severely damaged.
Your shroud bends Menkaure's attack away.
You hit Menkaure.
Menkaure is severely damaged.
You barely miss Menkaure.
Menkaure is severely damaged.
Menkaure calls on the powers of darkness!
Your body is wracked with pain!
You hit Menkaure.
Menkaure is almost destroyed.
Your magical infusion is running out.
Menkaure calls on the powers of darkness!
Your body is wracked with pain!
* * * LOW HITPOINT WARNING * * *
Okay, then.
You are confused.
You feel invigorated. Menkaure hits you!!
You die...
Your body rises from the dead as a mindless zombie.

#.#####.###..#
#.##.........# ###
#....# ##..##..##
####.# ###........##
#....# #...........#
#.##.# #...........#
#.##.###.#..%>....#
#.##.....#.....=..##
#.#######...M@....$#
#.# #..........# #.#
##........## #.#
##..##..## #.#######
#..# ###
##.......####.#
###..>.......)..#
....######.#..###
#.............#


You could see Menkaure.

Vanquished Creatures
  Pikel (D:5)
  A hippogriff (D:7)
  Duvessa (D:5)
  An ice beast (D:6)
  2 sky beasts
  An ogre (D:4)
  A necrophage (D:6)
  A centaur (D:7)
  A bullfrog (D:7)
  Dowan (D:5)
  3 scorpions
  3 wights (D:6)
  2 howler monkeys
  A quasit (D:8)
  A crimson imp (D:7)
  A human zombie (Ossuary)
  2 jellies
  An orc wizard (D:5)
  2 iguanas
  Terence (D:3)
  4 worker ants
  3 big kobold zombies (Ossuary)
  2 mummies (Ossuary)
  Robin (D:2)
  A worker ant zombie (D:5)
  3 gnolls (D:2)
  A river rat (D:6)
  10 adders
  A shadow imp (D:6)
  An ooze (D:1)
  A worm (D:2)
  An adder skeleton (D:4)
  2 dart slugs
  6 leopard geckos
  9 orcs
  9 bats
  9 giant cockroaches
  2 gnoll zombies (Ossuary)
  11 hobgoblins
  5 jackals
  6 kobolds
  5 quokkas
  2 ball pythons
  3 frilled lizards
  12 goblins
  4 goblin zombies (Ossuary)
  2 hobgoblin zombies (Ossuary)
  A leopard gecko skeleton (D:4)
  2 orc zombies (Ossuary)
  A quokka skeleton (D:5)
  11 rats
159 creatures vanquished.

Vanquished Creatures (others)
  2 slaves (D:5)
2 creatures vanquished.

Grand Total: 161 creatures vanquished

Notes
Turn   | Place    | Note
-------+----------+-------------------------------------------
     0 | D:1      | Esekla the Deep Elf Skald began the quest for the Orb.
     0 | D:1      | Reached XP level 1. HP: 12/12 MP: 6/6
   385 | D:1      | Reached XP level 2. HP: 13/17 MP: 2/8
   590 | D:1      | Learned a level 2 spell: Shroud of Golubria
   593 | D:1      | Learned a level 2 spell: Song of Slaying
   945 | D:2      | Reached XP level 3. HP: 21/21 MP: 6/9
   957 | D:2      | Found a faded altar of an unknown god.
   983 | D:2      | Became a worshipper of Yredelemnul the Dark
   983 | D:2      | Reached * piety under Yredelemnul
  1016 | D:2      | Reached skill level 1 in Armour
  1135 | D:2      | Found an ancient bone altar of Kikubaaqudgha.
  1693 | D:1      | Learned a level 3 spell: Spectral Weapon
  1927 | D:2      | Reached XP level 4. HP: 23/26 MP: 4/10
  2090 | D:2      | Noticed Robin
  2113 | D:2      | Reached ** piety under Yredelemnul
  2162 | D:2      | Killed Robin
  2454 | D:2      | Reached XP level 5. HP: 26/30 MP: 0/11
  2877 | D:3      | Noticed Terence
  3065 | D:3      | Killed Terence
  3409 | D:4      | Noticed an ogre
  3447 | D:3      | Found a snail-covered altar of Cheibriados.
  3689 | D:4      | Found a bloodstained altar of Trog.
  3704 | D:4      | Found a staircase to the Ecumenical Temple.
  3821 | D:4      | Killed an ogre
  3821 | D:4      | Reached skill level 5 in Long Blades
  3821 | D:4      | Reached XP level 6. HP: 33/35 MP: 0/12
  3844 | D:4      | Found a radiant altar of Vehumet.
  4320 | Temple   | Entered the Ecumenical Temple
  4698 | D:5      | Entered Level 5 of the Dungeon
  4724 | D:5      | Reached skill level 1 in Stealth
  4886 | D:5      | Reached XP level 7. HP: 27/40 MP: 13/13
  5042 | D:5      | Noticed Pikel
  5117 | D:5      | Killed Pikel
  5117 | D:5      | Reached *** piety under Yredelemnul
  5117 | D:5      | Reached skill level 1 in Translocations
  5158 | D:5      | Reached XP level 8. HP: 31/45 MP: 14/14
  5393 | D:5      | Got a pair of ichor-stained gloves
  5484 | D:5      | Identified the +0 pair of gloves of Wariness {+Blink rF-
                  | Str+10 Dex-4} (You found it on level 5 of the Dungeon)
  5926 | D:5      | Got a heavily runed ring mail
  5946 | D:5      | Identified the +4 ring mail of Wieblau {rPois MR+ Str-5}
                  | (You found it on level 5 of the Dungeon)
  6057 | D:5      | Noticed Duvessa
  6058 | D:5      | Noticed Dowan
  6061 | D:5      | Reached skill level 1 in Evocations
  6083 | D:5      | Killed Duvessa
  6097 | D:5      | Killed Dowan
  6372 | D:6      | Reached skill level 5 in Short Blades
  6541 | D:6      | Got a jewelled morningstar
  6553 | D:6      | Found Moah's Book Boutique.
  6617 | D:6      | Identified the +7 morningstar of Deformation {elec, rPois
                  | MR+} (You found it on level 6 of the Dungeon)
  6660 | D:6      | Reached skill level 5 in Dodging
  6942 | D:6      | Found a glowing drain.
  7227 | D:7      | Reached XP level 9. HP: 50/50 MP: 15/15
  7237 | D:7      | Found a shattered altar of Ashenzari.
  7288 | D:7      | Found a bloodstained altar of Trog.
  7437 | D:7      | Found a sand-covered staircase.
  7472 | Ossuary  | Entered an ossuary
  7505 | Ossuary  | Reached skill level 1 in Hexes
  7540 | Ossuary  | Reached **** piety under Yredelemnul
  7888 | D:7      | Found a burning altar of Makhleb.
  8023 | D:7      | Noticed Menkaure
  8094 | D:7      | Noticed a cyclops
  8116 | D:7      | Slain by Menkaure

Levels and vault maps discovered:
D:1:      psy_arrival_whirlpool, layout_loops_ring, nrook_mini_vaults,
          minmay_pentomino_u2
D:2:      layout_basic, lemuel_coloured_pillars_altar,
          chequers_ecumenical_altar_simple_redux, uniq_robin
D:3:      layout_basic, overflow_temple_1_default, uniq_terence
D:4:      layout_loops_corners, old_standard_altar, minmay_temple_entry_arrows,
          trog_three_pillars_becter
D:5:      layout_loops_corners, kennysheep_mini, first_ration, uniq_pikel,
          uniq_duvessa
D:6:      layout_basic, portal_sewer_entry_e, serial_shops, shop
D:7:      minmay_opposing_rooms, layout_loops_ring,
          nicolae_overflow_hidden_temple, bloody_trog, evilmike_ruin_ashenzari,
          enter_ossuary_2, minmay_misc_feat_alley, st_stairs_5, minivault_14,
          uniq_menkaure
D:8:      layout_rooms, eat_drink_and_be_merry_uskayaw,
          due_lair_maze_entry_diamond, hangedman_little_slice_of_home
Temple:   eino_narrow_crystal_temple

Skill      XL: |  1  2  3  4  5  6  7  8  9 |
---------------+----------------------------+-----
Long Blades    | 2 3 4 5 6 |  6.0
Dodging        | 3 4 5 |  5.7
Armour         | 1 2 |  2.8
Fighting       | 2 3 |  3.1
Stealth        | 1 2 |  2.7
Short Blades   | 3 6 |  6.8
Translocations | 1 2 |  2.0
Evocations     | 2 3 |  3.4
Hexes          | 1 |  1.6
Spellcasting   | |  3.1
Charms         | |  4.4

Action                   |  1- 3 |  4- 6 |  7- 9 || total
-------------------------+-------+-------+-------++-------
Melee: Falchion          |   163 |   183 |       ||   346
       Dagger            |       |    43 |   407 ||   450
Throw: Boomerang         |       |     1 |    15 ||    16
 Cast: Infusion          |     6 |     8 |     5 ||    19
       Shroud of Golubri |     6 |    10 |    16 ||    32
       Song of Slaying   |       |     4 |     5 ||     9
  Use: Scroll            |       |     3 |    14 ||    17
       Potion            |       |     3 |     5 ||     8
 Stab: Sleeping          |     2 |     1 |     1 ||     4
  Eat: Chunk             |     4 |     4 |     4 ||    12
       Ration            |       |     2 |     2 ||     4
Armor: Leather armour    |    41 |    63 |    12 ||   116
       Skin              |       |       |    50 ||    50
       Ring mail         |       |       |    99 ||    99
Dodge: Dodged            |   115 |   170 |   212 ||   497
       Rpst.: Falchion   |    33 |    38 |       ||    71
